 Dungeon Crawl Stone Soup version 0.31-a0-868-g674d60d6f7 (webtiles) character file.

Game seed: 4168628723766297103

646213 Joey1 the Conqueror (level 27, -7/273 HPs)
             Began as a Minotaur Berserker on Oct 10, 2023.
             Was the Champion of the Shining One.
             Mangled by a storm dragon (22 damage)
             ... on level 4 of the Realm of Zot on Oct 11, 2023.
             The game lasted 04:14:20 (85236 turns).

Joey1 the Conqueror (Minotaur Berserker)           Turns: 85236, Time: 04:14:21

Health: -7/273     AC: 32    Str: 28    XL:     27
Magic:  7/39       EV: 11    Int: 10    God:    the Shining One [******]
Gold:   4360       SH: 35    Dex: 13    Spells: 26/26 levels left

rFire   + + .        a - +12 broad axe of Arank {heavy, rN++}
rCold   + + .        A - +8 tower shield
rNeg    + + +        w - +0 gold dragon scales
rPois   +            (helmet unavailable)
rElec   .            F - scarf {rC+ rF+}
rCorr   .            H - +2 pair of gloves {Dex+3}
SInv    .            O - +2 pair of boots
Will    +++..        o - amulet of reflection Stlth
                     e - ring of poison resistance
HPRegen 0.65/turn    B - ring "Leipreur" {rC+ Will+}
MPRegen 0.26/turn

%: reflection
@: about to teleport, slowed, glowing, studying 3 skills, very slow
A: horns 3, retaliatory headbutt, clumsy 1, cold vulnerability 1
}: 4/15 runes: barnacled, slimy, silver, gossamer
a: Renounce Religion, Divine Shield, Cleansing Flame, Summon Divine Warrior


You were on level 4 of the Realm of Zot.
You worshipped the Shining One.
The Shining One was exalted by your worship.
You visited 12 branches of the dungeon, and saw 55 of its levels.
You visited the Abyss 1 time.
You also visited: Bailey.

You collected 9234 gold pieces.
You spent 4874 gold pieces at shops.

Inventory:

Hand Weapons
 a - the +12 broad axe of Arank (weapon) {heavy, rN++}
   (Trog gifted it to you on level 14 of the Dungeon)

   rN++:      It greatly protects you from negative energy.
 z - a +9 broad axe of holy wrath
 R - the +4 consecrated labrys {holy, Valiant Fragile Fly SInv}
   (You bought it in a shop on level 3 of the Elven Halls)

   Valiant:   It becomes more powerful as more dangerous foes come into view.
   SInv:      It lets you see invisible.
   Fly:       It grants you flight.
   Fragile:   It will be destroyed if unequipped.
Missiles
 t - 5 silver javelins
 T - 4 throwing nets
Armour
 f - the +0 kite shield of Etievoj {rF+ Will+ Int+3 Dex+2}
   (You took it off Asterion on level 3 of the Spider Nest)

   Int+3:     It affects your intelligence (+3).
   Dex+2:     It affects your dexterity (+2).
   rF+:       It protects you from fire.
   Will+:     It increases your willpower.
 g - +0 storm dragon scales
 m - a +1 hat
 w - +0 gold dragon scales (worn)
 A - a +8 tower shield (worn)
 F - a scarf of resistance (worn)
 H - a +2 pair of gloves of dexterity (worn)
 O - a +2 pair of boots (worn)
Jewellery
 e - a ring of poison resistance (left hand)
 o - an amulet of reflection (around neck)
 s - a ring of willpower
 B - the ring "Leipreur" (right hand) {rC+ Will+}
   (You took it off a frost giant on level 2 of the Depths)

   [ring of willpower]

   rC+:       It protects you from cold.
   Will+:     It increases your willpower.
 Q - an amulet of regeneration
 U - the ring "Simm" {Fly rC+ Dex+3}
   (You took it off a yaktaur captain on level 5 of the Vaults)

   [ring of flight]

   Dex+3:     It affects your dexterity (+3).
   rC+:       It protects you from cold.
   Fly:       It grants you flight.
 X - a ring of the Octopus King {rN+ HP+2 AC+2 EV+2 SH+2}
   (You found it on level 5 of the Pits of Slime)

   [ring of positive energy]

   AC+2:      It affects your AC (+2).
   EV+2:      It affects your evasion (+2).
   rN+:       It protects you from negative energy.
   HP+2:      It affects your health (+2).
   SH+2:      It affects your SH (+2).
Wands
 b - a wand of charming (42)
 u - a wand of digging (9)
 y - a wand of acid (62)
 J - a wand of iceblast (59)
 Y - a wand of polymorph (27)
Scrolls
 d - 6 scrolls of teleportation
 h - 9 scrolls of noise
 j - 3 scrolls of revelation
 l - 8 scrolls of poison
 v - 5 scrolls of butterflies
 C - 10 scrolls of fear
 M - 2 scrolls of silence
 N - 5 scrolls of fog
 Z - 3 scrolls of blinking
Potions
 c - 4 potions of berserk rage
 i - 12 potions of enlightenment
 n - 10 potions of haste
 q - 8 potions of lignification
 r - 20 potions of curing
 x - 9 potions of mutation
 E - 6 potions of invisibility
 G - 8 potions of attraction
 I - 9 potions of cancellation
 K - a potion of ambrosia
 S - 4 potions of heal wounds
 V - 7 potions of might
 W - 5 potions of resistance
Miscellaneous
 k - a phantom mirror
 p - a phial of floods
 D - a condenser vane
 L - a lightning rod (4/4)
 P - a box of beasts


   Skills:
 O Level 27 Fighting
 + Level 20.3 Axes
 + Level 5.3 Throwing
 + Level 22.3 Armour
 + Level 13.5 Dodging
 - Level 0.7 Stealth
 + Level 23.2 Shields
 O Level 27 Invocations
 - Level 15.0 Evocations


You had 26 spell levels left.
You didn't know any spells.
Your spell library contained the following spells:

 Spells                   Type           Power      Damage    Failure   Level
 Foxfire                  Conj/Fire      0%         2x1d4     99%         1
 Magic Dart               Conj           0%         1d3       99%         1
 Sandblast                Erth           0%         2d4       99%         1
 Summon Small Mammal      Summ           0%         N/A       99%         1
 Call Imp                 Summ           0%         N/A       100%        2
 Lesser Beckoning         Tloc           0%         N/A       100%        2
 Passwall                 Tmut/Erth      0%         N/A       100%        2
 Searing Ray              Conj           0%         2d4       100%        2
 Static Discharge         Conj/Air       0%         2-2/arc   100%        2
 Dazzling Flash           Conj/Hex       0%         N/A       100%        3
 Frozen Ramparts          Ice            0%         1d1       100%        3
 Gell's Gravitas          Tloc           0%         N/A       100%        3
 Mephitic Cloud           Conj/Pois/Air  0%         N/A       100%        3
 Stone Arrow              Conj/Erth      0%         3d7       100%        3
 Teleport Other           Tloc           0%         N/A       100%        3
 Volatile Blastmotes      Fire/Tloc      0%         2d10      100%        3
 Airstrike                Air            0%         2d(0-16)  100%        4
 Brom's Barrelling Bould  Conj/Erth      0%         2d3       100%        4
 Cause Fear               Hex            0%         N/A       100%        4
 Fulminant Prism          Conj/Hex       0%         3d5       100%        4
 Petrify                  Tmut/Erth      0%         N/A       100%        4
 Summon Lightning Spire   Summ/Air       0%         N/A       100%        4
 Agony                    Necr           0%         N/A       100%        5
 Fireball                 Conj/Fire      0%         3d3       100%        5
 Metabolic Englaciation   Hex/Ice        0%         N/A       100%        5
 Silence                  Hex/Air        0%         N/A       100%        5
 Summon Forest            Summ/Tloc      0%         N/A       100%        5
 Summon Mana Viper        Hex/Summ       0%         N/A       100%        5
 Plasma Beam              Fire/Air       0%         2x1d10    100%        6
 Starburst                Conj/Fire      0%         6d3       100%        6
 Summon Cactus Giant      Summ           0%         N/A       100%        6
 Monstrous Menagerie      Summ           0%         N/A       100%        7
 Maxwell's Capacitive Co  Air            0%         ∞         100%        8
 Summon Horrible Things   Summ           0%         N/A       100%        8
 Dragon's Call            Summ           0%         N/A       100%        9


Dungeon Overview and Level Annotations

Branches:
Dungeon (15/15)            Temple (0/1) D:4            Lair (5/5) D:11
 Shoals (4/4) Lair:2       Spider (4/4) Lair:2        Slime (5/5) Lair:4
    Orc (2/2) D:9             Elf (3/3) Orc:2        Vaults (5/5) D:13
  Crypt (3/3) Vaults:2       Tomb (2/3) Crypt:3      Depths (4/4) D:15
    Zot (2/5) Depths:4     Bailey (visited)

Altars:
Ashenzari
Kikubaaqudgha
Okawaru
Qazlal
Sif Muna
Trog
Uskayaw
Yredelemnul
The Shining One
Jiyva

Shops:
D:4 (   D:11 [   Orc:1 *   Orc:2 (([*   Elf:1 [*=[   Elf:3 ((!*
Shoals:1 =[!:(   Shoals:2 *   Vaults:1 (   Vaults:3 !   Vaults:5 !
Depths:1 [*   Depths:3 *

Portals:
Hell: Depths:1 Depths:2 Depths:3 Depths:4
Abyss: Depths:3
Pandemonium: Depths:2 Depths:3 Depths:4
Ziggurat: Depths:3

Annotations:
Shoals:4 exclusion: oklob plant
Depths:2 exclusion: 2 obsidian statues
Depths:3 2 runed translucent doors
Zot:1 3 transporters
Zot:2 1 runed translucent door


Innate Abilities, Weirdness & Mutations

You have a pair of large horns on your head.
You reflexively headbutt those who attack you in melee.
You are clumsy. (Dex -2)
You are vulnerable to cold. (rC-)


Message History

The storm dragon goes berserk!
The moth of wrath goads the storm dragon on!
The storm dragon goes berserk!
As you read the scroll of teleportation, it crumbles to dust.
You feel strangely unstable.
You feel the Orb delaying your translocation!
You block the storm dragon's attack. x3; The storm dragon bites you.
* * * LOW HITPOINT WARNING * * *
You block the storm dragon's attack.
The storm dragon tramples you but does no damage.
The storm dragon bites you but does no damage.
The storm dragon claws you but does no damage.
You block the storm dragon's attack. The storm dragon bites you!
* * * LOW HITPOINT WARNING * * *
You block the storm dragon's attack. The storm dragon closely misses you.
A yellow draconian comes into view. It is wielding a +0 hand axe.
The storm dragon attacks as it pursues you!
You block the storm dragon's attack. x2; The storm dragon closely misses you.
You block the storm dragon's attack. x3; The storm dragon bites you.
* * * LOW HITPOINT WARNING * * *
The storm dragon claws you but does no damage.
The storm dragon tramples you but does no damage.
You block the storm dragon's attack. The storm dragon closely misses you.
The storm dragon misses you. The storm dragon bites you!!
* * * LOW HITPOINT WARNING * * *
The storm dragon claws you but does no damage.
The storm dragon tramples you but does no damage.
The storm dragon attacks as it pursues you!
The storm dragon bites you!!
* * * LOW HITPOINT WARNING * * *
You block the storm dragon's attack.
The storm dragon tramples you but does no damage.
The storm dragon bites you.
* * * LOW HITPOINT WARNING * * *
You block the storm dragon's attack. x2; The storm dragon bites you!
* * * LOW HITPOINT WARNING * * *
The storm dragon claws you but does no damage.
The storm dragon tramples you but does no damage.
The moth of wrath goads something on!
The storm dragon bites you!!
You die...

.... ..##
..# #...#
..#......
#.#......
#.......y #.
##..# .. #.
##..###...
#.##..###...
#.#.@###dd
##.DD##d#
#...yd).#
#....†.##
#......#
#..?...#
#..###.....
#.. ...##
#.. .#%..


You could see 2 storm dragons, a red draconian (berserk) and a moth of wrath.

Vanquished Creatures
  the Royal Jelly (Slime:5)
  A dread lich (Vaults:5)
  An ancient lich (Vaults:5)
  Mara (Shoals:3)
  Margery (Depths:3)
  11 royal mummies
  3 curse toes
  7 golden dragons
  Xtahua (Crypt:3)
  A profane servitor (Crypt:3)
  3 bone dragons
  Arachne (Spider:4)
  13 tentacled monstrosities
  A shard shrike skeleton (Crypt:1)
  Mlioglotl (Shoals:2)
  5 titans (Vaults:5)
  3 quicksilver dragons
  3 deep elf blademasters
  10 liches
  An acid blob (shapeshifter) (Depths:2)
  2 deep elf master archers (Elf:3)
  8 death cobs
  21 acid blobs
  7 sphinxes
  A tentacled starspawn (Abyss:4)
  Polyphemus (Shoals:2)
  A walking divine tome (Abyss:4)
  The ghost of Naox the Unseen, an adept KoAr of Uskayaw (Vaults:4)
  A kraken (Shoals:2)
  An Executioner (Abyss:4)
  11 ancient champions
  Kirke (D:12)
  9 storm dragons
  A shadow dragon (shapeshifter) (Vaults:5)
  11 shadow dragons
  Aizul (Vaults:3)
  12 rockslimes
  3 revenants
  The ghost of Kevimi the Acrobat, an adept FeNe of Sif Muna (Vaults:4)
  4 tengu reavers
  A fire giant (shapeshifter) (Vaults:5)
  3 draconian monks
  A fenstrider witch (shapeshifter) (Depths:2)
  7 azure jellies
  An azure jelly (shapeshifter) (D:14)
  2 draconian knights (Zot:1)
  4 draconian scorchers
  A frost giant (shapeshifter) (Depths:2)
  17 vault wardens
  6 deep elf sorcerers
  12 fire giants
  9 frost giants
  5 emperor scorpions
  A balrug (Depths:1)
  2 caustic shrike zombies (Crypt:3)
  5 deep elf elementalists (Elf:3)
  7 draconian stormcallers
  Louise (D:15)
  An orc warlord (Vaults:3)
  2 draconian shifters (Zot:1)
  5 ghouls
  2 cacodemons
  4 curse skulls
  2 broodmothers
  6 formless jellyfish
  22 very ugly things
  6 ghost moths
  9 quicksilver oozes
  A spriggan defender (Depths:3)
  A draconian annihilator (Zot:1)
  A quicksilver ooze (shapeshifter) (Depths:2)
  7 war gargoyles
  16 ironbound preservers
  A formless jellyfish (shapeshifter) (Depths:2)
  Nessos (D:14)
  5 deep elf demonologists (Elf:3)
  8 ironbound thunderhulks
  26 stone giants
  4 purple draconians (Zot:1)
  3 black draconians (Zot:1)
  8 dire elephants
  6 green draconians
  12 vampire knights
  12 bennus
  8 deep elf annihilators
  4 yellow draconians
  16 spark wasps
  4 white draconians
  5 red draconians
  2 eidola
  Josephine (Orc:2)
  11 merfolk impalers
  17 mummy priests
  6 ettins
  3 merfolk javelineers (Shoals:4)
  13 deep elf death magi
  2 blizzard demons (Depths:2)
  6 fire dragons
  13 jiangshi
  21 yaktaur captains
  4 deep elf high priests
  An entropy weaver (shapeshifter) (Depths:2)
  5 rakshasas
  5 entropy weavers
  A great orb of eyes (shapeshifter) (D:14)
  30 vault guards
  11 great orbs of eyes
  6 ogre magi
  A spriggan zombie (Crypt:3)
  9 hydras
  6 ice dragons
  2 peacekeepers
  2 jorogumos
  Fannar (D:12)
  5 merfolk aquamancers
  A spriggan skeleton (Crypt:3)
  14 boulder beetles
  A radroach (shapeshifter) (D:14)
  25 centaur warriors
  12 ironbound frosthearts
  2 sphinx skeletons
  5 alligator snapping turtles
  4 merfolk avatars
  2 radroaches
  A hell beast (Tomb:1)
  2 catoblepae
  Erica (D:8)
  39 dancing weapons
  A two-headed ogre (shapeshifter) (Vaults:2)
  A satyr (shapeshifter) (Depths:2)
  5 vampire magi
  2 death knights (Crypt:3)
  A satyr (Shoals:4)
  17 two-headed ogres
  9 deep troll shamans
  15 death yaks
  44 death scarabs
  9 tengu warriors
  7 orc high priests
  12 deep troll earth magi
  14 demonic crawlers
  5 thrashing horrors (Abyss:4)
  A shock serpent (shapeshifter) (Vaults:5)
  5 hell hogs (Depths:1)
  2 spriggan berserkers
  A sun demon (Depths:1)
  9 hell knights
  26 skeletal warriors
  14 soul eaters
  15 deep elf knights
  4 shadow wraiths (Crypt:3)
  2 wretched stars (Abyss:4)
  5 sun moths
  A salamander mystic (Depths:1)
  2 sixfirhies (Abyss:4)
  A bunyip zombie (Crypt:3)
  9 iron trolls
  16 orb spiders
  3 skysharks
  A spark wasp zombie (Depths:3)
  8 sea snakes
  2 shadow demons (Crypt:1)
  2 golden dragon zombies (D:15)
  8 flayed ghosts
  6 pharaoh ants
  57 deep trolls
  3 large abominations (Abyss:4)
  2 obsidian statues (Depths:2)
  A bog body (Crypt:2)
  A storm dragon skeleton (Zot:1)
  9 deep elf archers
  10 glowing orange brains
  2 orange crystal statues
  An iron giant skeleton (Tomb:2)
  6 steelbarb worms
  5 wizards
  5 necromancers
  20 ironbound convokers
  7 phantasmal warriors
  A spriggan simulacrum (Crypt:3)
  26 harpies
  A bunyip skeleton (Tomb:2)
  10 starcursed masses
  8 lindwurms
  27 deep elf zephyrmancers
  11 orc knights
  26 deep elf pyromancers
  3 salamanders (Depths:1)
  6 orc sorcerers
  A mana viper (shapeshifter) (D:14)
  19 manticores
  A fire giant zombie (Depths:3)
  24 wolf spiders
  An eleionoma zombie (Crypt:2)
  11 fauns (Shoals:1)
  5 shining eyes
  40 ugly things
  A wolf spider (shapeshifter) (Vaults:1)
  A draconian zombie (Zot:1)
  19 cyclopes
  27 elephants
  Maurice (Orc:2)
  2 moths of wrath (shapeshifter) (Depths:2)
  10 moths of wrath
  9 merfolk sirens
  10 centaur zombies
  6 water nymphs
  A salamander (shapeshifter) (D:13)
  17 vault sentinels
  An eye of devastation (Slime:2)
  Joseph (D:7)
  2 black mambas
  A gargoyle (D:10)
  2 rust devils
  8 cane toads
  5 smoke demons
  A torpor snail (shapeshifter) (Depths:2)
  An apocalypse crab (Abyss:4)
  A shock serpent zombie (Crypt:2)
  2 unseen horrors
  9 torpor snails
  An orange demon (Depths:3)
  A naga skeleton (Tomb:1)
  Psyche (D:8)
  4 kobold demonologists
  A green draconian zombie (Crypt:1)
  9 komodo dragons
  2 komodo dragons (shapeshifter)
  48 yaktaurs
  4 rime drakes
  2 efreet
  2 tengu conjurers
  11 freezing wraiths
  An alligator snapping turtle skeleton (Crypt:1)
  An iron giant simulacrum (Crypt:3)
  2 harpy zombies
  23 guardian mummies
  A pale draconian skeleton (Crypt:3)
  6 meliai
  40 tarantellas
  9 trolls
  35 merfolk
  3 hellwings
  12 polar bears
  A troll (shapeshifter) (Vaults:5)
  5 wind drakes
  Grinder (D:3)
  2 hornets (Depths:3)
  2 harpy skeletons
  A hornet (shapeshifter) (D:15)
  Prince Ribbit (D:8)
  18 blink frogs
  A tarantella (shapeshifter) (Depths:2)
  6 raiju (Abyss:4)
  A frost giant simulacrum (Depths:3)
  24 dream sheep
  A stone giant simulacrum (Crypt:3)
  An ice dragon zombie (Tomb:1)
  45 jumping spiders
  A meliai zombie (D:12)
  4 snapping turtles
  An ettin skeleton (Tomb:2)
  Sigmund (D:6)
  64 slime creatures
  An ettin zombie (D:15)
  A centaur simulacrum (Crypt:3)
  2 spriggans (Depths:3)
  A jumping spider (shapeshifter) (Depths:2)
  16 water elementals
  A black mamba zombie (Crypt:2)
  8 air elementals
  3 flying skulls (Tomb:1)
  4 vampires
  3 ynoxinuls (Abyss:4)
  9 shadows
  A wyvern (shapeshifter) (Vaults:5)
  A yak (shapeshifter) (D:15)
  55 yaks
  30 culicivoras
  6 hogs (D:12)
  9 ushabtiu
  4 wyverns
  7 fire elementals
  A human (shapeshifter) (D:15)
  A tyrant leech zombie (Crypt:3)
  Grum (D:8)
  18 wraiths
  4 golden eyes (Slime:3)
  3 steam dragons
  3 neqoxecs (Abyss:4)
  3 chaos spawn
  62 redbacks
  5 vampire mosquitoes
  A harpy simulacrum (Crypt:3)
  A redback (shapeshifter) (Abyss:4)
  5 wargs
  A deep troll zombie (Crypt:2)
  A water nymph zombie (Crypt:3)
  A swamp worm (shapeshifter) (Elf:1)
  An acid dragon (D:14)
  2 glowing shapeshifter skeletons
  21 water moccasins
  2 floating eyes (shapeshifter) (Depths:2)
  27 orc warriors
  A cane toad skeleton (Crypt:2)
  2 ice beasts
  An ice beast (shapeshifter) (Vaults:5)
  16 wolves
  7 boggarts
  24 ogres
  5 black bears
  A phantom (D:6)
  A rime drake zombie (Crypt:1)
  13 centaurs
  A komodo dragon zombie (Crypt:3)
  10 kobold brigands
  Blork the orc (D:6)
  12 bullfrogs
  2 gnoll sergeants
  10 earth elementals
  3 necrophages
  4 small abominations
  2 scorpions (D:5)
  A draconian skeleton (Crypt:2)
  5 wights (D:10)
  15 killer bees
  4 jellies
  A yak skeleton (Crypt:1)
  A troll skeleton (Crypt:2)
  A wolf skeleton (Crypt:3)
  A wolf zombie (Crypt:1)
  A quasit (Abyss:4)
  A lava snake (Lair:4)
  6 hounds
  21 orc priests
  A gnoll bouda (D:5)
  An iron imp (Abyss:4)
  A sleepcap (D:6)
  A human skeleton (Crypt:2)
  4 iguanas
  27 orc wizards
  50 mummies
  12 gnolls
  8 adders
  5 white imps
  An ufetubus (D:4)
  A worm zombie (Crypt:3)
  A worm (D:3)
  14 dart slugs
  53 orcs
  6 ball pythons
  A bat skeleton (Crypt:2)
  6 endoplasms
  A giant cockroach (D:3)
  12 goblins
  8 hobgoblins
  6 jackals
  17 kobolds
  3 quokkas
  A quokka (shapeshifter) (Vaults:5)
  3 bats
  3 frilled lizards
  6 rats
  A starspawn tentacle (Abyss:4)
  3 tentacles (Shoals:2)
2683 creatures vanquished.

Vanquished Creatures (collateral kills)
  Asterion (Spider:3)
  A stone giant (Depths:1)
  A very ugly thing (Depths:1)
  A radroach (Spider:4)
  A two-headed ogre (D:10)
  2 hell knights (Depths:1)
  A necromancer (Depths:1)
  A tengu conjurer (Depths:1)
  2 meliai (Spider:3)
  A jumping spider (Spider:4)
  An orc warrior (D:10)
  2 gnolls (D:10)
  An orc (D:10)
16 creatures vanquished.

Vanquished Creatures (others)
  A white draconian (Zot:1)
  A deep elf annihilator (Elf:3)
  A wizard (Vaults:3)
  A deep elf zephyrmancer (Elf:1)
  A cyclops (Crypt:1)
  3 tarantellas (Spider:4)
  An orc wizard (Orc:2)
  A boggart simulacrum (D:14)
  An orc (D:15)
  A kobold (D:8)
  11 ball lightnings (Depths:2)
  A lurking horror (Abyss:4)
  5 starspawn tentacles (Abyss:4)
  A tentacle (Shoals:2)
30 creatures vanquished.

Grand Total: 2729 creatures vanquished

Notes
Turn   | Place    | Note
-------+----------+-------------------------------------------
     0 | D:1      | Joey1 the Minotaur Berserker began the quest for the Orb.
     0 | D:1      | Reached XP level 1. HP: 19/19 MP: 0/0
   292 | D:1      | Reached XP level 2. HP: 22/27 MP: 1/1
   831 | D:2      | Reached XP level 3. HP: 24/33 MP: 2/2
  1025 | D:2      | Reached ** piety under Trog
  1314 | D:2      | Reached XP level 4. HP: 40/40 MP: 3/3
  1343 | D:2      | Reached skill level 5 in Axes
  2174 | D:3      | Found a faded altar of an unknown god.
  2199 | D:3      | You fall into a shaft and drop 3 floors!
  2253 | D:5      | Entered Level 5 of the Dungeon
  2263 | D:5      | Noticed a scorpion
  2273 | D:5      | Killed a scorpion
  2274 | D:5      | Reached XP level 5. HP: 47/47 MP: 4/4
  2434 | D:3      | Noticed Grinder
  2454 | D:3      | Killed Grinder
  2455 | D:3      | Reached skill level 5 in Fighting
  2455 | D:3      | Reached XP level 6. HP: 41/56 MP: 5/5
  2911 | D:4      | Reached skill level 5 in Armour
  3127 | D:4      | Found a basalt altar of Yredelemnul.
  3310 | D:4      | Reached XP level 7. HP: 52/61 MP: 6/6
  3406 | D:4      | Found Lupi's Weapon Shop.
  3436 | D:4      | Found a staircase to the Ecumenical Temple.
  3844 | D:5      | Reached *** piety under Trog
  4158 | D:5      | Reached skill level 10 in Axes
  4297 | D:5      | Reached XP level 8. HP: 68/68 MP: 7/7
  4510 | D:5      | Found a glowing golden altar of the Shining One.
  4736 | D:6      | Noticed Sigmund
  4745 | D:6      | Killed Sigmund
  4997 | D:6      | Identified the +1 hand axe of Disarray {freeze, rC+ Str+3}
  5317 | D:6      | Noticed Blork the orc
  5326 | D:6      | Killed Blork the orc
  5654 | D:7      | Reached XP level 9. HP: 74/74 MP: 8/8
  5697 | D:7      | Noticed Joseph
  5705 | D:7      | Killed Joseph
  6052 | D:8      | Noticed Erica
  6069 | D:8      | Killed Erica
  6144 | D:8      | Reached **** piety under Trog
  6246 | D:8      | Reached skill level 15 in Axes
  6391 | D:8      | Noticed Psyche
  6402 | D:8      | Killed Psyche
  6649 | D:8      | Reached XP level 10. HP: 86/88 MP: 9/9
  6668 | D:8      | Noticed Prince Ribbit
  6680 | D:8      | Killed Prince Ribbit
  6771 | D:8      | Noticed Grum
  6781 | D:8      | Killed Grum
  7560 | D:9      | Found a flagged portal.
  7576 | Bailey   | Entered a bailey
  7762 | Bailey   | Reached skill level 10 in Fighting
  7825 | Bailey   | Found a bloodstained altar of Trog.
  7959 | D:9      | Identified the +1 ring mail of the Original Sin {rElec rC-
                  | rN+ Str+3}
  8099 | D:9      | Found a staircase to the Orcish Mines.
  8329 | D:9      | Found the +3 Elemental Staff {ele, rElec rF+ rC+ AC+3}
  8392 | D:9      | Found an iron altar of Okawaru.
  8592 | D:10     | Entered Level 10 of the Dungeon
  8649 | D:10     | Identified the +1 scale mail of Recklessness {Harm Fly rF-
                  | rC+ MP-9 Str+6}
  8652 | D:10     | Noticed a gargoyle
  8663 | D:10     | Killed a gargoyle
  8765 | D:10     | Identified the +1 ring mail of Nihilism {rElec Will- Int+3
                  | Dex+4}
  8774 | D:10     | Reached skill level 5 in Dodging
  8842 | D:10     | Reached XP level 11. HP: 91/99 MP: 10/10
  9034 | D:10     | Noticed a two-headed ogre
  9045 | D:10     | Killed a two-headed ogre
  9947 | D:11     | Found a staircase to the Lair.
  9993 | D:11     | Noticed a two-headed ogre
 10019 | Lair:1   | Entered Level 1 of the Lair of Beasts
 10786 | Lair:1   | Noticed a boulder beetle
 10811 | Lair:1   | Killed a boulder beetle
 11145 | Lair:1   | Reached ***** piety under Trog
 11472 | Lair:2   | Reached XP level 12. HP: 97/113 MP: 11/11
 11534 | Lair:2   | Noticed a four-headed hydra
 11587 | Lair:2   | Killed a four-headed hydra
 11917 | Lair:2   | Found a hole to the Spider Nest.
 12193 | Lair:2   | Reached skill level 15 in Fighting
 12200 | Lair:2   | Reached skill level 1 in Evocations
 12423 | Lair:2   | Found a staircase to the Shoals.
 12666 | Lair:2   | Reached skill level 5 in Evocations
 13659 | Lair:3   | Reached XP level 13. HP: 118/126 MP: 12/12
 13843 | Lair:3   | Identified the +0 ring mail "Exzecisk" {Rampage}
 14428 | Lair:3   | Reached skill level 1 in Throwing
 15277 | Lair:4   | Received a gift from Trog
 15485 | Lair:4   | Found a viscous altar of Jiyva.
 15485 | Lair:4   | Found a staircase to the Slime Pits.
 16105 | Lair:5   | Entered Level 5 of the Lair of Beasts
 17086 | Lair:5   | Found a shimmering blue altar of Sif Muna.
 17609 | Lair:5   | Reached XP level 14. HP: 107/137 MP: 13/13
 17834 | Lair:5   | Identified the +7 ring mail of Yredelemnul {Str+2}
 17904 | Lair:5   | Reached ****** piety under Trog
 17914 | Lair:5   | Identified the +1 battleaxe "Odar" {flame, rElec SInv}
                  | (Trog gifted it to you on level 5 of the Lair of Beasts)
 17914 | Lair:5   | Received a gift from Trog
 17956 | Lair:5   | Reached skill level 10 in Armour
 19122 | D:11     | Found Bisipeif's Armour Shoppe.
 19368 | Orc:1    | Entered Level 1 of the Orcish Mines
 19592 | Orc:1    | Found Beohoutt's General Store.
 19612 | Orc:1    | Received a gift from Trog
 19702 | Orc:2    | Entered Level 2 of the Orcish Mines
 20370 | Orc:2    | Found Vajoafa's Antique Armour Emporium.
 20370 | Orc:2    | Found Kuyr's Assorted Antiques.
 20372 | Orc:2    | Found Judach's Weapon Emporium.
 20372 | Orc:2    | Found Pan Koats's Weapon Shop.
 20500 | Orc:2    | Bought a puce potion for 27 gold pieces
 20500 | Orc:2    | Bought 2 bubbling purple potions for 54 gold pieces
 20533 | Orc:2    | Found a staircase to the Elven Halls.
 20836 | Orc:1    | Noticed Josephine
 20845 | Orc:2    | Killed Josephine
 20965 | Orc:1    | Noticed Maurice
 21144 | Orc:2    | Killed Maurice
 21442 | Orc:2    | Bought a pair of glowing gloves for 225 gold pieces
 21442 | Orc:2    | Bought a pair of runed gloves for 225 gold pieces
 21452 | Orc:2    | Bought a notched bronze ring for 150 gold pieces
 21461 | Orc:2    | Bought a potion of heal wounds for 150 gold pieces
 21718 | D:12     | Noticed Fannar
 21742 | D:12     | Killed Fannar
 21743 | D:12     | Reached XP level 15. HP: 144/155 MP: 14/14
 21918 | D:12     | Received a gift from Trog
 22075 | D:12     | Noticed Kirke
 22090 | D:12     | Killed Kirke
 22479 | D:13     | Reached skill level 10 in Evocations
 22500 | D:13     | Found a gate to the Vaults.
 22730 | D:13     | Received a gift from Trog
 23463 | D:14     | Reached skill level 1 in Shields
 23771 | D:14     | Noticed Nessos
 24102 | D:14     | Killed Nessos
 24103 | D:14     | Reached skill level 5 in Shields
 24322 | D:14     | Noticed an azure jelly
 24331 | D:14     | Killed an azure jelly
 24713 | D:14     | Identified the +12 broad axe of Arank {heavy, rN++} (Trog
                  | gifted it to you on level 14 of the Dungeon)
 24713 | D:14     | Received a gift from Trog
 25047 | D:14     | Reached XP level 16. HP: 59/162 MP: 8/15
 25573 | D:15     | Entered Level 15 of the Dungeon
 25620 | D:15     | Found a broken altar of Ashenzari.
 25680 | D:15     | Found a staircase to the Depths.
 25695 | D:15     | Reached skill level 10 in Shields
 25905 | D:15     | Noticed Louise
 25915 | D:15     | Killed Louise
 26311 | D:15     | Gained mutation: You are vulnerable to cold. (rC-) [a
                  | neqoxec]
 26508 | D:15     | Identified the +10 dagger of the Egg {flame, Dex+4} (Trog
                  | gifted it to you on level 15 of the Dungeon)
 26508 | D:15     | Received a gift from Trog
 27580 | Shoals:1 | Entered Level 1 of the Shoals
 27714 | Spider:1 | Entered Level 1 of the Spider Nest
 28129 | Spider:1 | Reached skill level 15 in Shields
 28528 | Spider:1 | Received a gift from Trog
 28710 | Spider:1 | Reached XP level 17. HP: 159/170 MP: 16/16
 28839 | Spider:1 | Found a hide-covered altar of Uskayaw.
 30285 | Spider:2 | Received a gift from Trog
 32217 | Spider:3 | Identified the +0 kite shield of Etievoj {rF+ Will+ Int+3
                  | Dex+2}
 32217 | Spider:3 | Noticed Asterion
 32229 | Spider:3 | Killed Asterion
 33847 | Shoals:1 | Found Jipnoub's Jewellery Shop.
 33869 | Shoals:1 | Received a gift from Trog
 33926 | Shoals:1 | Found Sohid's Armour Boutique.
 33936 | Shoals:1 | Found Kuxuim's Book Shoppe.
 33972 | Shoals:1 | Found Toschevao's Weapon Boutique.
 34075 | Shoals:1 | Found Zatimn's Distillery.
 34080 | Shoals:1 | Bought a potion of resistance for 130 gold pieces
 34568 | D:11     | Bought a +1 hat for 165 gold pieces
 34664 | Shoals:2 | Noticed Polyphemus
 34669 | Shoals:2 | Reached XP level 18. HP: 178/178 MP: 17/17
 34740 | Shoals:2 | Noticed Mlioglotl
 34746 | Shoals:2 | Killed Mlioglotl
 34764 | Shoals:2 | Found a transporter.
 34774 | Shoals:2 | Found Ylohypt's General Store.
 35387 | Shoals:2 | Found a transporter.
 35460 | Shoals:2 | You are sucked into a shaft and drop 1 floor!
 35924 | Shoals:2 | Killed Polyphemus
 36309 | Shoals:3 | Noticed Mara
 36327 | Shoals:3 | Killed Mara
 36845 | Shoals:4 | Entered Level 4 of the Shoals
 36848 | Shoals:4 | Received a gift from Trog
 38060 | Shoals:4 | Got a barnacled rune of Zot
 38340 | Shoals:4 | Identified the +4 dagger of Imminent Death {heavy, Will+
                  | MP+9 Dex+4}
 38475 | Shoals:4 | Found a stormy altar of Qazlal.
 39559 | Spider:4 | Entered Level 4 of the Spider Nest
 39949 | Spider:4 | Noticed Arachne
 39966 | Spider:4 | Killed Arachne
 40029 | Spider:4 | Received a gift from Trog
 40229 | Spider:4 | Identified the +0 leather armour of Duty {Rampage Int+6}
 40244 | Spider:4 | Reached XP level 19. HP: 172/185 MP: 18/18
 40758 | Spider:4 | Reached skill level 15 in Evocations
 41454 | Spider:4 | Got a gossamer rune of Zot
 41521 | Spider:4 | Identified the +0 robe "Teley" {Dex+2}
 41821 | Vaults:1 | Entered Level 1 of the Vaults
 41831 | Vaults:1 | Identified the +7 broad axe of Fopeux {heavy, +Blink rF+
                  | Will-} (Trog gifted it to you on level 1 of the Vaults)
 41831 | Vaults:1 | Received a gift from Trog
 42620 | Vaults:1 | Received a gift from Trog
 42912 | Vaults:1 | Found Xese's Antique Weapon Shoppe.
 42963 | Vaults:1 | You fall into a shaft and drop 1 floor!
 44070 | Vaults:2 | Found a staircase to the Crypt.
 44077 | Vaults:2 | Reached XP level 20. HP: 200/200 MP: 19/19
 44523 | Vaults:2 | Received a gift from Trog
 45907 | Vaults:3 | Found Tuorreu's Distillery.
 46449 | Vaults:3 | Received a gift from Trog
 46787 | Vaults:3 | Noticed Aizul
 46801 | Vaults:3 | Killed Aizul
 47475 | Vaults:3 | Reached skill level 1 in Invocations
 47604 | Vaults:3 | Received a gift from Trog
 48074 | Vaults:4 | Reached skill level 5 in Invocations
 48100 | Vaults:4 | Reached XP level 21. HP: 145/217 MP: 24/24
 49163 | Vaults:4 | Identified the +3 scale mail of the Gate {rPois Will+ rCorr
                  | Str+3}
 49373 | Vaults:4 | Found a runed translucent gate.
 49373 | Vaults:4 | Found a runed translucent gate.
 49373 | Vaults:4 | Found a runed translucent gate.
 49375 | Vaults:4 | Noticed Naox's ghost (adept KoAr)
 49375 | Vaults:4 | Noticed Kevimi's ghost (adept FeNe)
 49423 | Vaults:4 | Killed Kevimi's ghost
 49432 | Vaults:4 | Killed Naox's ghost
 50029 | Slime:1  | Entered Level 1 of the Pits of Slime
 50032 | Slime:1  | Gained mutation: You occasionally shout uncontrollably at
                  | your foes. [a shining eye]
 50052 | Slime:1  | Gained mutation: You are frail. (-10% HP) [a shining eye]
 50059 | Lair:4   | Lost mutation: You are vulnerable to cold. (rC-) [potion of
                  | mutation]
 50059 | Lair:4   | Lost mutation: You are frail. (-10% HP) [potion of
                  | mutation]
 50059 | Lair:4   | Lost mutation: You occasionally shout uncontrollably at
                  | your foes. [potion of mutation]
 50059 | Lair:4   | Gained mutation: You have a somewhat thin skeletal
                  | structure. (Dex +2, Stealth+) [potion of mutation]
 50059 | Lair:4   | Gained mutation: You have a pair of large horns on your
                  | head. [potion of mutation]
 50059 | Lair:4   | Gained mutation: You possess an exceptional clarity of
                  | mind. [potion of mutation]
 50158 | Slime:3  | Received a gift from Trog
 50435 | Slime:3  | Reached skill level 10 in Invocations
 50460 | Slime:5  | Entered Level 5 of the Pits of Slime
 50593 | Slime:5  | HP: 16/325 [acid blob (3)]
 50595 | Slime:5  | HP: 7/327 [acid (2)]
 51021 | Slime:5  | Gained mutation: Potions are less effective at restoring
                  | your health. [a shining eye]
 51022 | Slime:5  | Gained mutation: You are vulnerable to cold. (rC-) [a
                  | shining eye]
 51267 | Slime:5  | Gained mutation: You occasionally shout uncontrollably at
                  | your foes. [a shining eye]
 51268 | Slime:5  | Gained mutation: You are clumsy. (Dex -2) [a shining eye]
 51312 | Slime:5  | Received a gift from Trog
 51463 | Slime:5  | Found a viscous altar of Jiyva.
 51499 | Slime:5  | Noticed the Royal Jelly
 51514 | Slime:5  | Killed the Royal Jelly
 51709 | Slime:5  | Got a slimy rune of Zot
 51718 | Slime:5  | Identified the +2 leather armour of Veulo {MP+9 Int+3}
 51723 | Slime:5  | Identified the +8 long sword of Ruashr Acoh {pain, rC+}
 51893 | Slime:5  | Identified the +1 scimitar of the Shrieking God {heavy,
                  | rPois rC- rN+++}
 52014 | Slime:5  | Found the ring of the Octopus King
 52022 | Slime:5  | Identified the +6 trident "Ciduw" {heavy, rN+ Dex+2}
 52023 | Slime:5  | Identified a ring of the Octopus King {rN+ HP+2 AC+2 EV+2
                  | SH+2}
 52027 | Slime:5  | Identified the ring of Exon {rF+ Str+6}
 52035 | Slime:5  | Identified the +5 chain mail of the Twelve Youths {Drain
                  | rPois Int+4 SInv}
 52109 | Slime:5  | Identified the ring "Zajegam" {Str+3 Int+6 Dex+4}
 52399 | Shoals:1 | Bought a potion of cancellation for 104 gold pieces
 52399 | Shoals:1 | Bought a potion of cancellation for 104 gold pieces
 52399 | Shoals:1 | Bought a potion of haste for 130 gold pieces
 52399 | Shoals:1 | Bought a potion of haste for 130 gold pieces
 52399 | Shoals:1 | Bought a potion of haste for 130 gold pieces
 52555 | Orc:1    | Bought a potion of haste for 160 gold pieces
 52555 | Orc:1    | Bought a potion of attraction for 48 gold pieces
 52555 | Orc:1    | Bought a potion of haste for 160 gold pieces
 52729 | Vaults:3 | Bought a potion of enlightenment for 85 gold pieces
 52729 | Vaults:3 | Bought a potion of curing for 51 gold pieces
 52729 | Vaults:3 | Bought a potion of ambrosia for 136 gold pieces
 52928 | Shoals:2 | Bought a scroll of fog for 60 gold pieces
 53606 | Depths:1 | Entered Level 1 of the Depths
 53906 | Depths:1 | Reached skill level 27 in Fighting
 54307 | Depths:1 | Reached XP level 22. HP: 230/233 MP: 28/28
 54616 | Depths:1 | Found an ancient bone altar of Kikubaaqudgha.
 54650 | Depths:1 | Found Joffiwur's Armour Shop.
 54665 | Depths:1 | Found Ezinutech's Pet Rocks.
 55155 | Abyss:3  | Cast into level 3 of the Abyss (hell knight)
 55222 | Abyss:3  | Found a corrupted altar of Lugonu.
 55458 | Abyss:4  | Received a gift from Trog
 55530 | Abyss:4  | Paralysed by accursed screaming for 1 turns
 55545 | Depths:1 | Escaped the Abyss
 55671 | Depths:1 | Found a gateway to Hell.
 56089 | Depths:2 | Paralysed by an air elemental for 1 turns
 56092 | Depths:2 | Paralysed by an air elemental for 1 turns
 56094 | Depths:2 | Paralysed by an air elemental for 1 turns
 56241 | Depths:2 | Paralysed by a floating eye for 3 turns
 56291 | Depths:2 | Paralysed by an air elemental for 1 turns
 56482 | Depths:2 | Reached skill level 15 in Invocations
 56526 | Depths:2 | Received a gift from Trog
 56565 | Depths:2 | an iron giant changed into a golden dragon
 56565 | Depths:2 | Noticed a golden dragon (glowing shapeshifter)
 56567 | Depths:2 | a golden dragon changed into an iron giant
 56673 | Depths:2 | Paralysed by a sphinx for 4 turns
 57008 | Depths:2 | Paralysed by an air elemental for 1 turns
 57510 | Depths:2 | Identified the ring "Leipreur" {rC+ Will+}
 57529 | Depths:2 | Reached skill level 10 in Dodging
 57851 | Depths:2 | Found a one-way gate leading to the halls of Pandemonium.
 58512 | Depths:3 | Gained mutation: Your body sometimes deteriorates upon
                  | taking damage. [a cacodemon]
 58518 | Depths:3 | Reached XP level 23. HP: 240/240 MP: 33/33
 58527 | Depths:2 | Lost mutation: You have a pair of large horns on your head.
                  | [potion of mutation]
 58527 | Depths:2 | Lost mutation: You occasionally shout uncontrollably at
                  | your foes. [potion of mutation]
 58527 | Depths:2 | Lost mutation: You have a somewhat thin skeletal structure.
                  | (Dex +2, Stealth+) [potion of mutation]
 58533 | Depths:2 | Lost mutation: Your body sometimes deteriorates upon taking
                  | damage. [potion of mutation]
 58533 | Depths:2 | Lost mutation: You possess an exceptional clarity of mind.
                  | [potion of mutation]
 58533 | Depths:2 | Lost mutation: Potions are less effective at restoring your
                  | health. [potion of mutation]
 58533 | Depths:2 | Gained mutation: You have a pair of large horns on your
                  | head. [potion of mutation]
 58733 | Depths:3 | Found a one-way gateway to a ziggurat.
 58737 | Depths:3 | Found a one-way gate to the infinite horrors of the Abyss.
 58765 | Depths:3 | Identified the amulet "Wyun" {Faith Regen+}
 59262 | Depths:3 | Received a gift from Trog
 59518 | Depths:3 | Found Masaush's Assorted Antiques.
 59524 | Depths:3 | Bought a potion of curing for 99 gold pieces
 59524 | Depths:3 | Bought a potion of curing for 99 gold pieces
 59672 | Depths:3 | Found a runed translucent door.
 59673 | Depths:3 | Noticed a caustic shrike
 59678 | Depths:3 | Found a runed translucent door.
 59994 | Depths:3 | Noticed a caustic shrike
 60023 | Depths:4 | Entered Level 4 of the Depths
 60745 | Depths:4 | Noticed Margery
 60978 | Depths:3 | Killed Margery
 61411 | Depths:4 | Found a gate to the Realm of Zot.
 61768 | Depths:4 | Found a bloodstained altar of Trog.
 62674 | Elf:1    | Entered Level 1 of the Elven Halls
 62692 | Elf:1    | Received a gift from Trog
 62980 | Elf:1    | Found Ituqasm's Jewellery Boutique.
 62980 | Elf:1    | Found Acrorixu's Antique Armour Boutique.
 62980 | Elf:1    | Found Qyllexzam's General Store.
 62983 | Elf:1    | Found Xish's Armour Boutique.
 62989 | Elf:1    | Bought a scroll of teleportation for 51 gold pieces
 62989 | Elf:1    | Bought a potion of might for 68 gold pieces
 63550 | Elf:2    | Received a gift from Trog
 63879 | Elf:2    | Identified a scroll of acquirement
 63887 | Elf:2    | Acquired 900 gold pieces
 64034 | Elf:2    | Found a huge runed translucent gate.
 64034 | Elf:2    | Found a huge runed translucent gate.
 64034 | Elf:2    | Found a huge runed translucent gate.
 64035 | Elf:2    | Found a huge runed translucent gate.
 64037 | Elf:2    | Found a huge runed translucent gate.
 64795 | Elf:2    | Received a gift from Trog
 65128 | Elf:2    | Reached skill level 15 in Armour
 65152 | Elf:2    | Reached XP level 24. HP: 249/249 MP: 34/34
 65431 | Elf:3    | Entered Level 3 of the Elven Halls
 65535 | Elf:3    | Found Geseyr's Distillery.
 65593 | Elf:3    | Bought a potion of enlightenment for 105 gold pieces
 65593 | Elf:3    | Bought a potion of curing for 63 gold pieces
 65593 | Elf:3    | Bought 2 potions of cancellation for 336 gold pieces
 65593 | Elf:3    | Bought a potion of attraction for 63 gold pieces
 65593 | Elf:3    | Bought a potion of haste for 210 gold pieces
 65593 | Elf:3    | Bought a potion of haste for 210 gold pieces
 65593 | Elf:3    | Bought a potion of mutation for 168 gold pieces
 65677 | Elf:3    | Found Gizalad's Elven Fire.
 65946 | Elf:3    | Found Liazxobe's Weapon Shop.
 66124 | Elf:3    | Received a gift from Trog
 66460 | Elf:3    | Identified the staff "Zaolo" {Fragile rC+ Will+ Dex+2 Ice}
 66537 | Elf:3    | Identified the ring "Edigais" {rN+ Str+3}
 66601 | Elf:3    | Identified the +2 whip of Fixyr {heavy, rC+ Int+3 Stlth-}
 66833 | Elf:3    | Received a gift from Trog
 66920 | Elf:3    | Identified the +4 ring mail of Negation {rN+ Int+3 SInv}
 66935 | Elf:3    | Identified the +5 sling of Xummep {flame, rElec}
 66941 | Elf:3    | Identified the +5 arbalest of the Dancing Eel {heavy, rElec
                  | Int+3 Dex+4}
 66959 | Elf:3    | Identified the staff "Erghaluse" {Dex+3 Tloc Earth}
 67131 | Elf:3    | Found Ytwir's Weapon Shoppe.
 67132 | Elf:3    | Paralysed by an air elemental for 1 turns
 67141 | Elf:3    | Bought the +4 consecrated labrys {holy, Valiant Fragile Fly
                  | SInv} for 558 gold pieces
 67141 | Elf:3    | Found the +4 consecrated labrys {holy, Valiant Fragile Fly
                  | SInv}
 67143 | Elf:3    | Upgraded the game from 0.31-a0-865-g3d5d91748a to
                  | 0.31-a0-868-g674d60d6f7
 68058 | Vaults:5 | Entered Level 5 of the Vaults
 68071 | Vaults:5 | Noticed a dread lich
 68367 | Vaults:5 | Paralysed by something for 2 turns
 68374 | Vaults:5 | Killed a dread lich
 68893 | Vaults:5 | Identified the +8 arbalest of Ascent {flame, rN+ Int+4
                  | Stlth-}
 68983 | Vaults:5 | Identified the +1 arbalest "Minotaur's Foe" {elec, Drain
                  | rPois rC++ Dex+3}
 68990 | Vaults:5 | Identified the ring of Recklessness {rF+ Dex+3}
 69160 | Vaults:5 | Identified the ring "Simm" {Fly rC+ Dex+3}
 69553 | Vaults:5 | Noticed an ancient lich
 69570 | Vaults:5 | Killed an ancient lich
 69592 | Vaults:5 | Received a gift from Trog
 69688 | Vaults:5 | Reached XP level 25. HP: 99/257 MP: 36/36
 70586 | Vaults:5 | Identified the +5 fire dragon scales of Fedhas's Hope
                  | {*Corrode +Blink rF++ rC- Dex+4}
 70818 | Vaults:5 | Received a gift from Trog
 71173 | Vaults:5 | Found Haetsae's Distillery.
 71178 | Vaults:5 | Bought a potion of enlightenment for 75 gold pieces
 71178 | Vaults:5 | Bought a potion of might for 60 gold pieces
 71178 | Vaults:5 | Bought a potion of might for 60 gold pieces
 71178 | Vaults:5 | Bought a potion of resistance for 150 gold pieces
 71178 | Vaults:5 | Bought a potion of enlightenment for 75 gold pieces
 71209 | Vaults:5 | Got a silver rune of Zot
 71614 | D:5      | Fell from the grace of Trog
 71614 | D:5      | Became a worshipper of the Shining One
 71888 | Crypt:1  | Entered Level 1 of the Crypt
 71923 | Crypt:1  | Reached * piety under the Shining One
 72368 | Crypt:1  | Reached ** piety under the Shining One
 72412 | Crypt:1  | Found a shimmering blue altar of Sif Muna.
 72485 | Crypt:1  | Identified the +5 ring mail "Jyossynn" {Int+6}
 72537 | Crypt:1  | Got an upside-down book
 72584 | Crypt:1  | Reached *** piety under the Shining One
 73187 | Zot:1    | Entered Level 1 of the Realm of Zot
 73735 | Crypt:2  | Reached **** piety under the Shining One
 73760 | Crypt:2  | Reached ***** piety under the Shining One
 74195 | Crypt:2  | Found a basalt altar of Yredelemnul.
 74309 | Crypt:3  | Entered Level 3 of the Crypt
 74543 | Crypt:3  | Found a staircase to the Tomb.
 75010 | Crypt:3  | Reached ****** piety under the Shining One
 75084 | Crypt:3  | Noticed Xtahua
 75093 | Crypt:3  | Killed Xtahua
 76098 | Crypt:3  | Identified a +9 broad axe of holy wrath (a +7 broad axe of
                  | draining blessed by the Shining One)
 76098 | Crypt:3  | Received a gift from the Shining One
 76099 | Crypt:3  | Found a basalt altar of Yredelemnul.
 76104 | Crypt:3  | Found an ancient bone altar of Kikubaaqudgha.
 76138 | Crypt:3  | Identified the +4 pair of boots of Gravity {Harm rF+}
 76178 | Crypt:3  | Identified the ring "Hiosec" {rF- Will+ Str+4}
 76385 | Tomb:1   | Entered Level 1 of the Tomb of the Ancients
 76683 | Tomb:1   | Reached XP level 26. HP: 71/266 MP: 34/37
 78245 | Tomb:1   | Noticed a royal mummy
 78257 | Tomb:1   | Killed a royal mummy
 78634 | Tomb:1   | Noticed a royal mummy
 78650 | Tomb:1   | Killed a royal mummy
 79617 | Tomb:2   | Noticed a royal mummy
 79626 | Tomb:2   | Killed a royal mummy
 79631 | Tomb:2   | Noticed a royal mummy
 79632 | Tomb:2   | Noticed a royal mummy
 79640 | Tomb:2   | Killed a royal mummy
 79641 | Tomb:2   | Noticed a royal mummy
 79644 | Tomb:2   | Killed a royal mummy
 79650 | Tomb:2   | Killed a royal mummy
 79660 | Tomb:2   | Paralysed by Trog for 7 turns
 80370 | Tomb:1   | Noticed a royal mummy
 80377 | Tomb:1   | Killed a royal mummy
 80521 | Tomb:1   | Paralysed by Trog for 3 turns
 80641 | Tomb:1   | Noticed a royal mummy
 80651 | Tomb:1   | Noticed a royal mummy
 80657 | Tomb:1   | Noticed a royal mummy
 80667 | Tomb:1   | Killed a royal mummy
 81129 | Tomb:1   | Killed a royal mummy
 81129 | Tomb:1   | Noticed a royal mummy
 81134 | Tomb:1   | Noticed a royal mummy
 81135 | Tomb:1   | Killed a royal mummy
 81140 | Tomb:1   | Noticed a royal mummy
 81142 | Tomb:1   | Killed a royal mummy
 81144 | Tomb:1   | HP: 13/266 [emperor scorpion[a royal mummy] (1)]
 81144 | Tomb:1   | The Shining One protects you from harm!
 83215 | Depths:4 | Paralysed by Trog for 6 turns
 83641 | Zot:1    | Found a transporter.
 83648 | Zot:1    | Found a transporter.
 83668 | Zot:1    | Found a transporter.
 84140 | Zot:1    | Reached skill level 27 in Invocations
 84199 | Zot:1    | Reached XP level 27. HP: 139/273 MP: 39/39
 84729 | Zot:1    | Found a transporter.
 85114 | Zot:2    | Found a runed translucent door.
 85140 | Zot:2    | Reached skill level 5 in Throwing
 85200 | Zot:2    | You fall into a shaft and drop 2 floors!
 85236 | Zot:4    | Mangled by a storm dragon

Illustrated notes

Levels and vault maps discovered:
D:1:      dpeg_arrival_three_same_balls, layout_loops_ring
D:2:      layout_basic, columned_hall_lemuel
D:3:      layout_rooms, hellmonk_ecumenical_altar_heavens_door, uniq_grinder
D:4:      layout_basic, kennysheep_little_box, minmay_temple_entry_slanted,
          serial_shops, nicolae_shop_gibbet_a_chance, nicolae_underground_beach
D:5:      layout_gridville, tso_oasis_becter
D:6:      layout_basic, uniq_blork_the_orc, uniq_sigmund
D:7:      kennysheep_slugbush, layout_rooms, uniq_joseph
D:8:      layout_basic, sigmund_army, uniq_erica, uniq_psyche, uniq_grum,
          uniq_prince_ribbit1
D:9:      layout_roguey, kennysheep_mini, minmay_orc_entry_temple_small,
          enter_bailey_5
D:10:     layout_big_octagon
D:11:     layout_roguey, erik_lair_orcish_takeover, serial_shops, shop
D:12:     layout_rooms, serial_undead, serial_undead_d, serial_undead_e,
          serial_undead_c, serial_undead_a, serial_undead_d, serial_undead_d,
          uniq_kirke, uniq_fannar
D:13:     layout_loops_ring, skrybe_vaults_entry_preservation,
          chequers_mini_garden
D:14:     nzn_winding_woodlands_stair_trap
          [nzn_winding_woodlands_5x15_longhouse,
          nzn_winding_woodlands_5x15_garden, nzn_winding_woodlands_5x15_eye,
          nzn_winding_woodlands_15x15_five_gardens,
          nzn_winding_woodlands_5x15_sawtooth,
          nzn_winding_woodlands_5x15_lazy_stream,
          nzn_winding_woodlands_5x15_crooked], layout_long_grid, uniq_nessos
D:15:     gammafunk_depths_entry_grave, layout_basic, ashenzari_altar_1,
          hangedman_corner_corridor, uniq_louise
Lair:1:   layout_cave_pods, dreamdust_mushroom_princess, minivault_23,
          small_statue_intersection
Lair:2:   layout_cellular_growth, nicolae_shoals_entry_roost,
          nicolae_spider_entry_tight_spaces
Lair:3:   layout_regular_city
Lair:4:   layout_gridlike, slime_entry_1
Lair:5:   grunt_lair_end_beastmaster, layout_regular_city, basic_altar
Shoals:1: layout_shoals, serial_shops, nicolae_shop_tiny_real_fake_doors,
          nicolae_square_shop, nicolae_shop_peninsula, shop,
          nicolae_book_shop_shelving, dpeg_stationary_puzzle
Shoals:2: gammafunk_sealed_arena, layout_shoals, serial_shops, shop,
          uniq_polyphemus, uniq_mlioglotl
Shoals:3: layout_shoals, uniq_mara
Shoals:4: shoals_end_grunt_ice, layout_shoals, lemuel_oklob_altar
Spider:1: nicolae_spider_mines_1, nicolae_spider_altar_of_dancing
Spider:2: layout_chambers, spiders_nest_spider_trap
Spider:3: layout_chambers, nicolae_spider_cling_halls, uniq_asterion
Spider:4: grunt_spider_rune_island, nicolae_spider_moth_buddies, uniq_arachne
Slime:1:  layout_caves
Slime:2:  layout_caves
Slime:3:  layout_caves, nicolae_slime_rock_hall_of_fame
Slime:4:  nicolae_slime_pool, layout_caves
Slime:5:  slime_pit_nicolae_inversion
Orc:1:    layout_caves, serial_shops, shop, uniq_maurice, uniq_josephine
Orc:2:    grunt_orc_tribal_feast, layout_caves
Elf:1:    layout_gridlike, hangedman_elf_disciples, minmay_shop_grid_forest
Elf:2:    elven_hall_of_blades_hangedman_alternative
          [nicolae_blade_entry_hurt_lockers], layout_loops_corners
Elf:3:    grunt_elf_hall_asides, layout_loops_corners, serial_shops,
          nicolae_shop_just_a_little_nook, nicolae_shop_industrial_runoff, shop,
          roderic_roman_lattice, guppyfry_elf_lava, grunt_megastairs_5
Vaults:1: dpeg_vaults_hating_casters, v_misc_4, grunt_vaults_twisty, v_misc_22,
          vaults_dpeg_spiral, nicolae_vaults_diamond_2, v_pattern_1,
          vaults_dpeg_ring, hangedman_vaults_stagger, v_misc_17,
          hangedman_vaults_stretched_pinwheel, nicolae_vaults_two_Ls,
          v_alt_pattern_3, vaults_dpeg_encased_lava, layout_vaults_maze,
          serial_shops, shop
Vaults:2: minmay_crypt_entry_simple_corners, nicolae_vaults_little_ls,
          nicolae_vaults_little_squares_3, dpeg_vaults_monster_box,
          nicolae_vaults_closet_pinwheel_1, nicolae_vaults_trapezoid_lopsided_1,
          vaults_dpeg_cross, ontoclasm_vaults_spin, nicolae_vaults_quadrants,
          nicolae_vaults_tetromino_Z_2, ontoclasm_vaults_ring_large,
          v_pattern_5, v_rooms_6, nicolae_vaults_ellipses_ellipsis,
          nicolae_vaults_trapezoid_4, layout_vaults_omnibox
Vaults:3: nicolae_vaults_double_plus_2, nicolae_vaults_storage_room_statues,
          v_rooms_1, nicolae_vaults_network_square,
          nicolae_vaults_specimen_jars, nicolae_vaults_storage_closets_2,
          v_pattern_2, nicolae_vaults_closet_pinwheel_1, nicolae_vaults_theta,
          nicolae_vaults_three_branches, nicolae_vaults_octothorpe,
          vaults_dpeg_diagonal, vaults_room_stairs_pillars,
          vaults_room_stairs_pillars, layout_vaults_ring, serial_shops, shop,
          uniq_aizul
Vaults:4: gammafunk_ghost_cemetery, nicolae_vaults_sightless_eye,
          ontoclasm_vaults_hangar, ontoclasm_vaults_eye,
          nicolae_vaults_diamond_1, ontoclasm_vaults_ligature,
          layout_vaults_quadrants
Vaults:5: serial_shops
Crypt:1:  layout_chaotic_city, serial_sigils_hangedman_clutch,
          hangedman_summoners_spam, grunt_crypt_arrival_split
Crypt:2:  layout_misc_corridors, basic_altar
Crypt:3:  lightli_unholy_cathedral, layout_chaotic_city,
          tomb_entry_simple_bobbens, grunt_megastairs_2, uniq_xtahua
Tomb:1
Tomb:2
Depths:1: layout_forbidden_donut, hellmouth_3, serial_shops,
          nicolae_shop_pleasant_corner_grove, kiku_gazebo_pond_becter,
          guppyfry_shop_earth, grunt_megastairs_3
Depths:2: radiant_caverns_a_rkd, serial_shops, pan_entry, hell_entry
Depths:3: minmay_expanding_circles, layout_gridville, enter_ziggurat_a,
          hangedman_decor_diamond_cutter, hell_entry, rand_demon_pan_entry_3,
          abyss_entry, serial_shops, shop, kennysheep_nondescript,
          uniq_josephina
Depths:4: evilmike_zot_entry_argh, layout_cave_shapes, bloody_trog,
          grunt_hell_entry_dis_old, grunt_pan_entry_zigzag, uniq_margery
Zot:1:    hangedman_snap_crack_crunch, layout_onion_interference,
          nicolae_transporter_intersection
Zot:2:    layout_misc_corridors, ebering_ghost_inner_flame
Zot:4:    layout_onion_interference, st_stairs_12

Skill      XL: |  1  2  3  4  5  6  7  8  9 10 11 12 13 14 15 16 17 18 19 20 21 22 23 24 25 26 27 |
---------------+----------------------------------------------------------------------------------+-----
Axes           | 4 5 7 10 13 15 16 17 18 19 20 | 20.3
Fighting       | 4 5 8 10 12 15 16 20 22 25 27 | 27.0
Armour         | 3 4 5 7 9 10 11 15 21 22 | 22.3
Dodging        | 5 6 8 9 10 13 | 13.5
Evocations     | 7 8 12 14 15 | 15.0
Throwing       | 4 5 |  5.3
Shields        | 8 16 21 23 | 23.2
Invocations    | 5 10 15 17 20 23 27 | 27.0
Stealth        | |  0.7

Action                     |  1- 3 |  4- 6 |  7- 9 | 10-12 | 13-15 | 16-18 | 19-21 | 22-24 | 25-27 || total
---------------------------+-------+-------+-------+-------+-------+-------+-------+-------+-------++-------
  Melee: Hand axe          |    76 |    91 |   255 |   388 |       |       |       |       |       ||   810
         Headbutt          |     6 |    20 |    49 |   154 |   268 |   257 |   263 |   339 |   459 ||  1815
         Punch             |       |       |     5 |    12 |     4 |       |       |       |       ||    21
         Broad axe         |       |       |       |   257 |   362 |  1012 |   998 |  1255 |  1251 ||  5135
         Morningstar       |       |       |       |     4 |    14 |    10 |       |       |       ||    28
         Battleaxe         |       |       |       |       |   677 |       |       |       |       ||   677
  Throw: Javelin           |       |       |       |       |       |       |     2 |       |       ||     2
         Throwing net      |       |       |       |       |       |       |     2 |       |       ||     2
 Invoke: Berserk           |       |     2 |     2 |     5 |     2 |     2 |     3 |     1 |       ||    17
         Trog's Hand       |       |     1 |     3 |     1 |     6 |     9 |     4 |    10 |       ||    34
         Brothers in Arms  |       |       |       |     1 |       |     3 |     1 |     4 |       ||     9
         Cleansing Flame   |       |       |       |       |       |       |       |       |    12 ||    12
         Divine Shield     |       |       |       |       |       |       |       |       |     6 ||     6
         Brand Weapon With |       |       |       |       |       |       |       |       |     1 ||     1
  Evoke: Wand              |       |       |       |       |       |     5 |       |     4 |       ||     9
         Box of beasts     |       |       |       |       |       |       |     1 |       |       ||     1
         Condenser vane    |       |       |       |       |       |       |       |       |     1 ||     1
    Use: Scroll            |       |       |     7 |     4 |     7 |    16 |    15 |     7 |     9 ||    65
         Potion            |       |       |       |     1 |       |     9 |     5 |    11 |     6 ||    32
   Stab: Petrified         |       |       |       |       |     5 |       |       |       |       ||     5
         Petrifying        |       |       |       |       |     1 |       |       |       |       ||     1
         Invisible         |       |       |       |       |       |     2 |       |     6 |       ||     8
         Held in net/web   |       |       |       |       |       |       |     2 |       |       ||     2
         Confused          |       |       |       |       |       |       |       |     1 |       ||     1
 Armour: Animal skin       |     9 |       |       |       |       |       |       |       |       ||     9
         Chain mail        |    35 |    61 |   177 |       |       |       |       |       |       ||   273
         Plate armour      |       |       |     9 |   373 |   812 |   893 |   377 |   683 |       ||  3147
         Scale mail        |       |       |       |       |       |       |   171 |       |       ||   171
         Storm dragon scal |       |       |       |       |       |       |       |   202 |   302 ||   504
         Gold dragon scale |       |       |       |       |       |       |       |       |   491 ||   491
         Skin              |       |       |       |       |       |       |       |       |    29 ||    29
  Dodge: Dodged            |    39 |    28 |    99 |   276 |   692 |   556 |   339 |   337 |   283 ||  2649
  Block: Other             |       |       |    13 |   134 |    13 |       |       |       |       ||   160
         Reflection        |       |       |     1 |     4 |       |    56 |    92 |   106 |    20 ||   279
         Buckler           |       |       |       |       |     2 |   495 |       |       |       ||   497
         Kite shield       |       |       |       |       |       |   549 |    17 |    50 |       ||   616
         Tower shield      |       |       |       |       |       |       |  1342 |  1632 |  1939 ||  4913

Table legend: (Time is in decaauts)
 A = Elapsed time spent in this place.
 B = Non-inter-level travel time spent in this place.
 C = Inter-level travel time spent in this place.
 D = Time resting spent in this place.
 E = Time spent auto-exploring this place.
 F = Levels seen in this place.
 G = Mean time per level.
                   A        B        C        D        E       F      G
               +--------+--------+--------+--------+--------+-----+--------+
         Total |  85541 |  77099 |   8442 |  22968 |  35380 |  58 | 1474.8 |
       Dungeon |  18558 |  15918 |   2640 |   3688 |   9339 |  15 | 1237.2 |
          Lair |   9795 |   8632 |   1163 |   2363 |   4802 |   5 | 1959.0 |
        Shoals |   6372 |   5925 |    447 |   1856 |   2620 |   4 | 1593.0 |
   Spider Nest |   7976 |   7519 |    457 |   1975 |   3590 |   4 | 1994.0 |
    Slime Pits |   2171 |   2102 |     69 |    641 |    162 |   5 |  434.2 |
  Orcish Mines |   2180 |   1970 |    210 |    737 |    775 |   2 | 1090.0 |
   Elven Halls |   4599 |   4461 |    138 |    759 |   2598 |   3 | 1533.0 |
        Vaults |  12306 |  10669 |   1637 |   3251 |   5229 |   5 | 2461.2 |
         Crypt |   4572 |   4154 |    418 |   1338 |   1913 |   3 | 1524.0 |
          Tomb |   5309 |   4931 |    378 |   2498 |    852 |   2 | 2654.5 |
        Depths |   8929 |   8093 |    836 |   2872 |   2767 |   4 | 2232.2 |
           Zot |   2022 |   1979 |     43 |    848 |    643 |   3 |  674.0 |
         Abyss |    398 |    398 |      0 |      0 |      0 |   2 |  199.0 |
        Bailey |    349 |    349 |      0 |    138 |     87 |   1 |  349.0 |
               +--------+--------+--------+--------+--------+-----+--------+

Top non-repeatable levels by time:
  Tomb:1: 4196 daAuts
Vaults:5: 3118 daAuts
  Lair:2: 2733 daAuts
Spider:3: 2658 daAuts
Depths:4: 2645 daAuts
Depths:2: 2640 daAuts
Vaults:2: 2632 daAuts
Vaults:1: 2566 daAuts
Spider:2: 2549 daAuts
    D:15: 2316 daAuts
    D:14: 2260 daAuts
    D:13: 2220 daAuts
  Lair:5: 2165 daAuts
 Crypt:3: 2163 daAuts
Vaults:4: 2125 daAuts
